 Dungeon Sprint DCSS version 0.18.1-48-g4cf74bf (webtiles) character file.

1047 Joat the Frost Mage (level 8, -5/41 HPs)
             Began as a Deep Elf Ice Elementalist on Aug 15, 2016.
             Was a Follower of Vehumet.
             Slain by a demonic crawler (9 damage)
             ... in the Dungeon (Sprint I: "Red Sonja").
             The game lasted 00:10:06 (740 turns).

Joat the Frost Mage (Deep Elf Ice Elementalist)      Turns: 740, Time: 00:10:06

Health: -5/41      AC:  3    Str:  5    XL:     8   Next: 5%
Magic:  15/26      EV: 13    Int: 23    God:    Vehumet [*.....]
Gold:   405        SH:  0    Dex: 15    Spells: 3 memorised, 22 levels left

rFire  + . .     SeeInvis .     o - +1 dagger (venom)
rCold  . . .     Gourm    .     m - +1 robe {rF+}
rNeg   . . .     Faith    .     (no shield)
rPois  .         Spirit   .     (no helmet)
rElec  .         Dismiss  .     (no cloak)
rCorr  .         Reflect  .     (no gloves)
SustAt .         Harm     .     (no boots)
MR     .....     NoTele   +     (no amulet)
Stlth  ++........               (no ring)
                                (no ring)

@: not resistant to hostile enchantments, unstealthy
A: no striking features
a: Renounce Religion


You were in the Dungeon.
You worshipped Vehumet.
Vehumet was aware of your devotion.
You were not hungry.

You visited 1 branch You collected 405 gold pieces.

Inventory:

Hand Weapons
 o - a +1 dagger of venom (weapon)
Armour
 a - a +0 robe
 m - a +1 robe of fire resistance (worn)
Wands
 j - a wand of flame (27/48)
Scrolls
 i - a scroll of blinking
 k - a scroll of identify {unknown}
Potions
 d - a potion of curing
 e - a potion of heal wounds
 f - a potion of haste
 g - 2 potions of magic
 h - a potion of berserk rage
 l - a potion of mutation {unknown}
Books
 b - a book of Frost

   Spells                             Type                      Level
   a - Freeze                         Ice                          1
   b - Throw Frost                    Conjuration/Ice              2
   c - Ozocubu's Armour               Charms/Ice                   3
   d - Throw Icicle                   Conjuration/Ice              4
   e - Summon Ice Beast               Ice/Summoning                4
Comestibles
 c - a bread ration


   Skills:
 - Level 2.4 Dodging
 - Level 2.4 Stealth
 + Level 12.0 Spellcasting
 + Level 8.4 Conjurations
 - Level 7.9 Summonings
 + Level 12.0 Ice Magic


You had 22 spell levels left.
You knew the following spells:

 Your Spells              Type           Power        Failure   Level  Hunger
a - Freeze                Ice            ####         1%          1    None
b - Throw Icicle          Conj/Ice       ######..     1%          4    None
c - Summon Ice Beast      Ice/Summ       ######..     1%          4    None


Dungeon Overview and Level Annotations

Branches:
Dungeon (1/1)

Altars:
Cheibriados
Dithmenos
Elyvilon
Fedhas
Gozag
Kikubaaqudgha
Makhleb
Nemelex Xobeh
Okawaru
Pakellas
Qazlal
Ru
Sif Muna
Trog
Vehumet
Xom
Yredelemnul
Zin
The Shining One
Jiyva

Shops:
D :


Message History

The demonic crawler hits you.
You see here a robe.
There is an open door here.
Things that are here:
a dagger; a robe; a kobold corpse The demonic crawler barely misses you.
The demonic crawler hits you! x2
Casting: Throw Icicle
Confirm with . or Enter, or press ? or * to list all spells.
Aiming: Throw Icicle
Press: ? - help, Shift-Dir - straight line, f/p - demonic crawler
Aim: a demonic crawler (clinging)
The shard of ice hits the demonic crawler.
The demonic crawler partially resists.
The demonic crawler is heavily wounded.
The demonic crawler closely misses you. The demonic crawler hits you! x2
* * * LOW HITPOINT WARNING * * *
Casting: Throw Icicle
Confirm with . or Enter, or press ? or * to list all spells.
A chill wind blows around you. The demonic crawler hits you!
You die...

#######################
#..)..#..'..#__#..ss..#
'..#..)..#..'.Y'@s#...##+#
#####'#####'#__####...'..#
####..#...#.#### #####..+
#__####..##[# ##
#_.___##'#..+
#_.∩...'..._#
#_..._##_.#+# #_____###+#
#######


You could see 3 demonic crawlers and a friendly ice beast.

Vanquished Creatures
  2 kobold demonologists (D)
  Sigmund (D)
  A giant eyeball (D)
  An ogre (D)
  Ijyb (D)
6 creatures vanquished.

Vanquished Creatures (collateral kills)
  A slime creature (D)
  A yak (D)
  A jelly (D)
3 creatures vanquished.

Grand Total: 9 creatures vanquished

Notes
Turn   | Place    | Note
--------------------------------------------------------------
     0 | D        | Joat the Deep Elf Ice Elementalist began the quest for the Orb.
     0 | D        | Reached XP level 1. HP: 10/10 MP: 6/6
     4 | D        | Noticed Ijyb
    10 | D        | Killed Ijyb
    10 | D        | Reached XP level 2. HP: 12/15 MP: 1/8
    70 | D        | Noticed an ogre
    75 | D        | Killed an ogre
    75 | D        | Reached XP level 3. HP: 19/19 MP: 4/13
    75 | D        | Reached XP level 4. HP: 24/24 MP: 4/15
    96 | D        | Learned a level 4 spell: Throw Icicle
   101 | D        | Learned a level 4 spell: Summon Ice Beast
   152 | D        | Noticed Sigmund
   162 | D        | Killed Sigmund
   162 | D        | Reached skill level 10 in Ice Magic
   162 | D        | Reached XP level 5. HP: 6/28 MP: 10/18
   407 | D        | Found a deep blue altar of Sif Muna.
   409 | D        | Found a radiant altar of Vehumet.
   412 | D        | Reached XP level 6. HP: 32/32 MP: 15/20
   442 | D        | Found Ufauhog's Book Emporium.
   442 | D        | Found a white marble altar of Elyvilon.
   442 | D        | Found a stormy altar of Qazlal.
   442 | D        | Found a burning altar of Makhleb.
   442 | D        | Found a sacrificial altar of Ru.
   442 | D        | Found an oddly glowing altar of Pakellas.
   442 | D        | Found a basalt altar of Yredelemnul.
   442 | D        | Found a glowing golden altar of the Shining One.
   442 | D        | Found a sparkling altar of Nemelex Xobeh.
   442 | D        | Found a shimmering altar of Xom.
   442 | D        | Found an opulent altar of Gozag.
   442 | D        | Found an ancient bone altar of Kikubaaqudgha.
   442 | D        | Found a glowing silver altar of Zin.
   442 | D        | Noticed a yak
   448 | D        | Killed a yak
   448 | D        | Reached skill level 5 in Conjurations
   448 | D        | Reached skill level 5 in Summonings
   455 | D        | Found an iron altar of Okawaru.
   473 | D        | Became a worshipper of Vehumet
   476 | D        | Found a bloodstained altar of Trog.
   501 | D        | Found a snail-covered altar of Cheibriados.
   501 | D        | Found a viscous altar of Jiyva.
   501 | D        | Found a shadowy altar of Dithmenos.
   501 | D        | Found a blossoming altar of Fedhas.
   501 | D        | Noticed a slime creature
   505 | D        | Killed a slime creature
   505 | D        | Reached skill level 10 in Spellcasting
   594 | D        | Noticed a kobold demonologist
   594 | D        | Noticed a giant eyeball
   596 | D        | Noticed a kobold demonologist
   597 | D        | Killed a kobold demonologist
   597 | D        | Reached XP level 7. HP: 36/36 MP: 9/23
   599 | D        | Killed a kobold demonologist
   599 | D        | Reached * piety under Vehumet
   599 | D        | Offered knowledge of Sandblast by Vehumet.
   605 | D        | Reached XP level 8. HP: 41/41 MP: 0/26
   732 | D        | Noticed a demonic crawler
   732 | D        | Noticed a demonic crawler
   732 | D        | Noticed a demonic crawler
   732 | D        | Noticed a demonic crawler
   740 | D        | Slain by a demonic crawler

Skill      XL: |  1  2  3  4  5  6  7 |
---------------+----------------------+-----
Ice Magic      | 7 9 10 11 12 | 12.0
Spellcasting   | 7 9 11 12 | 12.0
Conjurations   | 4 7 8 |  8.4
Summonings     | 4 7 |  7.9
Dodging        | |  2.4
Stealth        | |  2.4

Action                   |  1- 3 |  4- 6 |  7- 9 || total
-------------------------+-------+-------+-------++-------
Melee: Unarmed           |       |       |     4 ||     4
 Cast: Freeze            |     8 |     6 |     2 ||    16
       Summon Ice Beast  |       |     6 |     1 ||     7
       Throw Icicle      |       |     2 |     5 ||     7
Armor: Robe              |       |       |     2 ||     2
Dodge: Dodged            |     5 |     1 |     8 ||    14
